Match 42207202
Unlisted

Match 42207202
End
Engineer Squad
Construct Barracks
Riflemen Squad
1⁄4-ton 4x4 Truck
Grenade Package
Selects Heavy Weapons
Selects M2HB .50cal Heavy Machine Gun
M1 Mortar Team
Mechanized Support Center
Construct Motor Pool
Improvised Armor
Riflemen Squad
Mortar Pit
Mortar Pit
M24 Chaffee Light Tank
Selects Rapid Reposition
M24 Chaffee Light Tank
Construct Medical Station
Salvage Crew
Designate Forward Repair Station
Construct Weapon Support Center
M24 Chaffee Light Tank
Selects Black Dragon Artillery Barrage
M1919 Machine Gun Team
M1919 Machine Gun Team
Black Dragon Artillery Barrage
Engineer Squad
Selects Assault Carriers
Selects Exchangeable Parts
M24 Chaffee Light Tank
M3 75 mm Gun Motor Carriage
M3 75 mm Gun Motor Carriage
M16 Multiple Gun Motor Carriage
M1919 Machine Gun Team
.30 cal Machine Gun
M3 75 mm Gun Motor Carriage
Black Dragon Artillery Barrage
M3 75 mm Gun Motor Carriage
M3 75 mm Gun Motor Carriage
M3 75 mm Gun Motor Carriage
Engineer Squad
Engineer Squad
Engineer Squad
Selects M26 Pershing Heavy Tank
M26 Pershing Heavy Tank
Black Dragon Artillery Barrage
Black Dragon Artillery Barrage
.30 cal Machine Gun
[HAN]Diederick Kastner
Crazy Dog
QuickshotCoyote
Chris P. Bacon
Butcher
1187
Matt L. Z
101师--林老虎
0
0

Comments sign in to comment!

No comments posted yet!